 Dungeon Crawl Stone Soup version 0.16-a0-3212-g68818ff (console) character file.

49 Fusha the Twirler (level 3, 0/21 HPs)
             Began as a High Elf Wanderer on Dec 19, 2014.
             Succumbed to an adder's poison
             ... on level 2 of the Dungeon.
             The game lasted 00:12:39 (1753 turns).

Fusha the Twirler (High Elf Wanderer)               Turns: 1753, Time: 00:12:39

Health: 0/21       AC:  4    Str: 11    XL:     3   Next: 51%
Magic:  7/7        EV: 13    Int: 16    God:
Gold:   32         SH:  8    Dex: 20    Spells: 1 memorised, 4 levels left

rFire  . . .     SeeInvis .     h - +0 short sword
rCold  . . .     Clarity  .     d - +0 robe
rNeg   + . .     SustAb   .     a - +0 shield
rPois  .         Gourm    .     s - +1 hat
rElec  .         Spirit   .     (no cloak)
rCorr  .         Warding  .     g - +0 pair of gloves
rMut   .         Stasis   .     (no boots)
MR     .....                    r - amulet of regeneration
Stlth  +++.......               p - ring of invisibility
                                m - ring of positive energy

@: agile, lethally poisoned, not resistant to hostile enchantments, fairly
stealthy
A: no striking features
a: Evoke Invisibility


You were on level 2 of the Dungeon.
You were hungry.

You visited 1 branch of the dungeon, and saw 2 of its levels.

You collected 32 gold pieces.

Inventory:

Hand weapons
 e - a +0 dagger
 h - a +0 short sword (weapon)
 t - a +0 hunting sling
Missiles
 n - 13 stones (quivered)
Armour
 a - a +0 shield (worn)
 d - a +0 robe (worn)
 g - a +0 pair of gloves (worn)
 j - a +0 robe
 s - a +1 hat (worn)
Jewellery
 m - a ring of positive energy (left hand)
 p - a ring of invisibility (right hand)
 r - an amulet of regeneration (around neck)
Scrolls
 i - a scroll of amnesia
 k - a scroll of immolation
 u - a scroll of identify
 w - a scroll of remove curse
Potions
 q - a potion of agility
Books
 b - the Handbook of Displacement

   Spells                             Type                      Level
   a - Apportation                    Translocation                1
   b - Portal Projectile              Translocation                3
 c - the Papyrus of Protection

   Spells                             Type                      Level
   a - Infusion                       Charms                       1
   b - Spectral Weapon                Hexes/Charms                 3
Comestibles
 f - a bread ration
 l - a beef jerky
 o - 2 meat rations
 v - 3 chunks of flesh


   Skills:
 * Level 1.6 Short Blades
   Level 3.0 Staves
 * Level 0.2 Dodging
 + Level 2.1 Stealth
 + Level 1.4 Shields
 + Level 1.5 Spellcasting
   Level 1.0 Hexes
 * Level 1.9 Charms
   Level 2.4 Necromancy


You had 4 spell levels left.
You knew the following spells:

 Your Spells              Type           Power        Failure   Level  Hunger
a - Infusion              Chrm           #.....       61%         1    ##.....


Dungeon Overview and Level Annotations

Branches:
Dungeon (2/15)

Altars:


Message History

Identify which item? (\ to view known items) (? for menu, Esc to quit)
k - a scroll of immolation You feel sick.
The adder bites you but does no damage.
Drink which item? (? for menu, Esc to quit)
Okay, then.
Read which item? (? for menu, Esc to quit)
Okay, then.
Drink which item? (? for menu, Esc to quit)
Okay, then.
Drink which item? (? for menu, Esc to quit)
Okay, then.
Use which ability? (? or * to list)
You fail to use your ability.
You feel sick. You block the adder's attack. The adder bites you.
* * * LOW HITPOINT WARNING * * *
* * * LOW HITPOINT WARNING * * *
You feel sick.
* * * LOW HITPOINT WARNING * * *
You feel sick. You block the adder's attack.
You die...

# .... ..... ..)...
....... ....... ###
....... ##.##
........####S#@##
#........g###.#
#.#.#..####.#.##
..... #.## #.#.#.#
#.# .. .. #.# #
.#.######.##########
....................#
..####...########.#


There were no monsters in sight!

Vanquished Creatures
  2 worms (D:2)
  2 giant geckos (D:1)
  7 bats
  3 giant cockroaches
  A goblin (D:1)
  2 hobgoblins (D:1)
  6 kobolds
  A giant newt (D:1)
  4 jackals (D:1)
  5 rats (D:1)
33 creatures vanquished.

Notes
Turn   | Place    | Note
--------------------------------------------------------------
     0 | D:1      | Fusha, the High Elf Wanderer, began the quest for the Orb.
     0 | D:1      | Fusha set off with: a +0 shield, the Handbook of Displacement, the Papyrus of Protection, a +0 robe, a +0 dagger, a bread ration
     0 | D:1      | Reached XP level 1. HP: 11/11 MP: 3/3
     5 | D:1      | Identified the Handbook of Displacement
     5 | D:1      | Identified the Papyrus of Protection
     7 | D:1      | Learned a level 1 spell: Infusion
   787 | D:1      | Reached XP level 2. HP: 10/17 MP: 4/4
  1124 | D:1      | Reached skill level 1 in Short Blades
  1148 | D:1      | Reached skill level 1 in Charms
  1386 | D:1      | Reached XP level 3. HP: 21/21 MP: 7/7
  1750 | D:2      | HP: 1/21 [poisoned by an adder]
  1753 | D:2      | Succumbed to an adder's poison

Action                   || total
-------------------------++-------
Melee: Short sword       ||   198
       Dagger            ||     1
  Use: Scroll            ||     3
       Potion            ||     1
 Stab: Sleeping          ||     6
  Eat: Chunk             ||     3
